 Dungeon Crawl Stone Soup version 0.31-a0-459-gc8a9bf3d51 (webtiles) character file.

Game seed: 10748940206102487388

13 Ethylacetat the Insei (level 2, 0/16 HPs)
             Began as a Vine Stalker Monk on Aug 4, 2023.
             Slain by a kobold
             ... wielding a +0 dagger
              (1 damage)
             ... on level 2 of the Dungeon.
             The game lasted 00:00:56 (404 turns).

Ethylacetat the Insei (Vine Stalker Monk)            Turns: 404, Time: 00:00:57

Health: 0/16       AC:  2    Str: 13    XL:     2   Next: 37%
Magic:  0/4        EV: 12    Int: 10    God:
Gold:   47         SH:  0    Dex: 16    Spells: 3/3 levels left

rFire   . .          .
                       - Unarmed
rCold   . . .        c - orb {light}
rNeg    . . .        a - +0 robe
rPois   .            (no helmet)
rElec   .            (no cloak)
rCorr   .            (no gloves)
SInv    .            (no boots)
Will    +....        (no amulet)
Stlth   +            (no ring)
HPRegen 0.22/turn    (no ring)
MPRegen 0.09/turn

%: guardian spirit
@: lethally poisoned (0 -> -4), enlightened, flying, glowing
A: fangs 2, magic shield, antimagic bite, no potion heal 2
a: no special abilities


You were on level 2 of the Dungeon.
You visited 1 branch of the dungeon, and saw 2 of its levels.

You collected 47 gold pieces.

Inventory:

Armour
 a - a +0 robe (worn)
 c - an orb of light (worn)
Jewellery
 e - a +6 ring of intelligence
Scrolls
 f - a scroll of torment {unknown}
 g - a scroll of immolation {unknown}
 h - 2 scrolls of revelation {unknown}
Potions
 b - a potion of ambrosia
 i - a potion of cancellation {unknown}


   Skills:
 * Level 3.0 Fighting
 - Level 2.4 Dodging
 * Level 3.2 Unarmed Combat
 + Level 1.0 Spellcasting


You had 3 spell levels left.
You didn't know any spells.
Your spell library was empty.

Dungeon Overview and Level Annotations

Branches:
Dungeon (2/15)

Altars:


Innate Abilities, Weirdness & Mutations

You have extremely sharp teeth.
When hurt, damage is shared between your health and your magic reserves.
Your bite disrupts and absorbs the magic of your enemies.
Potions cannot restore your health.


Message History

You barely miss the adder. The adder bites you.
You are poisoned.
The adder poisons you! The adder barely misses you.
You closely miss the adder. You bite the adder. You drain its power.
The adder is moderately wounded.
You feel sick.
The giant cockroach bites you but does no damage.
The adder barely misses you.
The giant cockroach bites you but does no damage.
You closely miss the adder. You bite the adder. You drain its power.
The adder is heavily wounded.
The kobold barely misses you. The adder bites you.
The giant cockroach closely misses you.
You hit the adder.
The adder is almost dead.
You feel sick. The adder bites you. The kobold hits you with a +0 dagger.
The giant cockroach closely misses you. The ball python misses you.
The ball python barely misses you.
You are too injured to fight recklessly!
Okay, then.
You hit the giant cockroach but do no damage.
You bite the giant cockroach. You drain its power.
You feel invigorated.
The giant cockroach is moderately wounded.
You feel sick. The adder bites you.
* * * LOW HITPOINT WARNING * * *
You are lethally poisoned!
The adder poisons you! The kobold barely misses you.
The ball python barely misses you. The ball python misses you.
The giant cockroach barely misses you.
Okay, then.
It was a potion of enlightenment.
You feel very buoyant.
You fly up into the air.
* * * LOW HITPOINT WARNING * * *
You feel sick. The adder bites you.
* * * LOW HITPOINT WARNING * * *
The ball python bites you. The ball python closely misses you.
The giant cockroach bites you but does no damage.
The kobold hits you with a +0 dagger.
You die...

..............8
..>.............
............8...
...........<..._.
............8?8.8.
..................
#.....S.S.....8.8.
#.....B@K.........
#.........?....<.#
.................#
..................
.#................
................#.
####..............
##............#
#.#<..........


You could see an adder, a giant cockroach, a ball python and a kobold.

Vanquished Creatures
  A ball python (D:1)
  3 goblins
  A hobgoblin (D:1)
  5 bats (D:1)
  A frilled lizard (D:1)
  2 kobolds (D:1)
13 creatures vanquished.

Notes
Turn   | Place    | Note
-------+----------+-------------------------------------------
     0 | D:1      | Ethylacetat the Vine Stalker Monk began the quest for the
                  | Orb.
     0 | D:1      | Reached XP level 1. HP: 11/11 MP: 2/2
   221 | D:1      | Reached XP level 2. HP: 16/16 MP: 2/4
   383 | D:1      | You fall into a shaft and drop 1 floor!
   392 | D:2      | Found a faded altar of an unknown god.
   396 | D:2      | Reached skill level 1 in Spellcasting
   404 | D:2      | Slain by a kobold

Illustrated notes

Levels and vault maps discovered:
D:1:      dpeg_arrival_arbitrary_b, layout_loops_ring
D:2:      layout_rooms, basic_altar, ebering_ecumenical_altar_ruins,
          minmay_increasing_density

Skill      XL: |  1  2 |
---------------+-------+-----
Fighting       | 3 |  3.0
Spellcasting   | 1 |  1.0
Dodging        | |  2.4
Unarmed Combat | |  3.2

Action                     || total
---------------------------++-------
  Melee: Unarmed           ||    37
         Bite              ||    11
    Use: Potion            ||     1
 Armour: Robe              ||    11
  Dodge: Dodged            ||    39

Table legend: (Time is in decaauts)
 A = Elapsed time spent in this place.
 B = Non-inter-level travel time spent in this place.
 C = Inter-level travel time spent in this place.
 D = Time resting spent in this place.
 E = Time spent auto-exploring this place.
 F = Levels seen in this place.
 G = Mean time per level.
                   A        B        C        D        E       F      G
               +--------+--------+--------+--------+--------+-----+--------+
         Total |    401 |    401 |      0 |      0 |    317 |   2 |  200.5 |
       Dungeon |    401 |    401 |      0 |      0 |    317 |   2 |  200.5 |
               +--------+--------+--------+--------+--------+-----+--------+

Top non-repeatable levels by time:
     D:1: 381 daAuts
     D:2: 20 daAuts
